 Dungeon Crawl Stone Soup version 0.27-a0-538-g15ff5c5295 (webtiles) character file.

Game seed: 12002566460228255152

225 jasper the Digger (level 5, -1/24 HPs)
             Began as a Spriggan Earth Elementalist on Mar 6, 2021.
             Killed by nerve-wracking pain
             ... invoked by an orc priest
              (13 damage)
             ... on level 4 of the Dungeon.
             The game lasted 00:04:46 (3643 turns).

jasper the Digger (Spriggan Earth Elementalist)     Turns: 3643, Time: 00:04:46

Health: -1/24      AC:  3    Str:  4    XL:     5   Next: 68%
Magic:  13/19      EV: 17    Int: 18    God:
Gold:   184        SH:  0    Dex: 15    Spells: 3/9 levels left

rFire    + . .     SeeInvis +   q - +1 hand axe (flame)
rCold    . . .     Faith    .   (shield restricted)
rNeg     . . .     Spirit   .   c - +0 robe
rPois    .         Reflect  .   (helmet restricted)
rElec    .         Harm     .   t - +0 cloak
rCorr    .         Rampage  .   (gloves unavailable)
Will     .....                  (boots unavailable)
Stlth    ++........             (no amulet)
HPRegen  0.08/turn              f - ring of protection from fire
MPRegen  0.16/turn              k - ring of magical power

@: very quick
A: very small, unfitting armour, see invisible, speed 3
a: no special abilities


You were on level 4 of the Dungeon.
You visited 1 branch of the dungeon, and saw 4 of its levels.

You collected 184 gold pieces.

Inventory:

Hand Weapons
 g - a +0 whip
 q - a +1 hand axe of flaming (weapon)
Missiles
 b - 140 stones
 p - 2 throwing nets
 r - 7 boomerangs
Armour
 c - a +0 robe (worn)
 t - a +0 cloak (worn)
Jewellery
 f - a ring of protection from fire (left hand)
 k - a ring of magical power (right hand)
Scrolls
 h - 4 scrolls of immolation
 j - 5 scrolls of teleportation
 l - 3 scrolls of fear {unknown}
 n - 2 scrolls of magic mapping
 o - a scroll of noise {unknown}
 u - 2 scrolls of enchant armour {unknown}
Potions
 a - 2 potions of haste
 e - 3 potions of curing
 i - 2 potions of lignification
 m - a potion of resistance
 s - a potion of might


   Skills:
 - Level 2.6 Dodging
 - Level 3.0 Stealth
 - Level 2.6 Spellcasting
 - Level 1.3 Transmutations
 + Level 5.9 Earth Magic


You had 3 spell levels left.
You knew the following spells:

 Your Spells              Type           Power      Damage    Failure   Level
a - Sandblast             Erth           46%        2d11      1%          1
b - Passwall              Tmut/Erth      12%        N/A       6%          2
c - Stone Arrow           Conj/Erth      26%        3d8       16%         3

Your spell library contained the following spells:

 Spells                   Type           Power      Damage    Failure   Level
 Petrify                  Tmut/Erth      15%        N/A       36%         4
 Lee's Rapid Deconstruct  Erth           11%        3d9*      38%         5


Dungeon Overview and Level Annotations

Branches:
Dungeon (4/15)
 Temple: D:4-7

Altars:


Innate Abilities, Weirdness & Mutations

You are very small and have problems with some larger weapons.
You are too small for most types of armour.
You have supernaturally acute eyesight. (SInv)
You cover ground extremely quickly. (Speed+++)


Message History

You now have 18/19 mp.
Aiming: Sandblast (safe; 1% risk of failure)
Press: ? - help, Q - select action, (/) - cycle Shift-Dir - straight line, f/p - orc priest
Aim: an orc priest, wielding a +0 club and wearing a +0 scale mail (moderately wounded, 17% to evade)
The blast of sand hits the orc priest but does no damage.
The orc priest is moderately wounded.
The orc priest hits you with a +0 club.
You take 1 damage, and have 23/24 hp.
You now have 17/19 mp.
Aiming: Sandblast (safe; 1% risk of failure)
Press: ? - help, Q - select action, (/) - cycle Shift-Dir - straight line, f/p - orc priest
Aim: an orc priest, wielding a +0 club and wearing a +0 scale mail (moderately wounded, 17% to evade)
The blast of sand hits the orc priest.
The orc priest is moderately wounded.
You now have 16/19 mp.
Aiming: Sandblast (safe; 1% risk of failure)
Press: ? - help, Q - select action, (/) - cycle Shift-Dir - straight line, f/p - orc priest
Aim: an orc priest, wielding a +0 club and wearing a +0 scale mail (moderately wounded, 17% to evade)
The blast of sand hits the orc!
You kill the orc!
An orc comes into view. It is wielding a +0 flail.
You now have 15/19 mp.
Aiming: Sandblast (safe; 1% risk of failure)
Press: ? - help, Q - select action, (/) - cycle Shift-Dir - straight line, f/p - orc priest
Aim: an orc priest, wielding a +0 club and wearing a +0 scale mail (moderately wounded, 17% to evade)
The blast of sand hits the orc priest but does no damage.
The orc priest is moderately wounded.
The orc shouts!
The orc priest invokes the aid of Beogh against you.
Beogh smites you!
Ouch! That really hurt!
You take 12 damage, and have 11/24 hp.
MASSIVE DAMAGE!!
You now have 14/19 mp.
Aiming: Sandblast (safe; 1% risk of failure)
Press: ? - help, Q - select action, (/) - cycle Shift-Dir - straight line, f/p - orc priest
Aim: an orc priest, wielding a +0 club and wearing a +0 scale mail (moderately wounded, 17% to evade)
The blast of sand hits the orc priest but does no damage.
The orc priest is moderately wounded.
The orc priest calls down the wrath of Beogh upon you.
Pain shoots through your body!
Ouch! That really hurt!
You die...

.......#.# #..
###.........# #..
..##...#....## #..
#.# #........###..
#o# #.............
#o# #.......###.#
#o# ###..........
#o# #...##..... #@#
##.###.##.# #.# #.
#.##.# #.# #[
#.##.# ##########.#
#. #.##.#
##..........# #.
#.##.#
#.....########
#.##.#
#..##.####...# #.
#.# #............#
#.#
#.###.####...######
#.#


You could see an orc priest and 3 orcs.

Vanquished Creatures
  Crazy Yiuf (D:3)
  2 orc priests (D:3)
  An orc wizard (D:4)
  A worker ant (D:4)
  3 adders
  An adder skeleton (D:4)
  3 worms
  2 leopard geckos (D:2)
  10 orcs
  3 giant cockroaches
  2 goblins
  2 hobgoblins
  2 jackals (D:4)
  A quokka (D:3)
  A ball python (D:3)
  3 bats
  A frilled lizard (D:2)
  A jackal skeleton (D:4)
  4 kobolds
  A quokka skeleton (D:4)
  2 rats (D:3)
47 creatures vanquished.

Vanquished Creatures (others)
  2 fungi (D:3)
2 creatures vanquished.

Grand Total: 49 creatures vanquished

Notes
Turn   | Place    | Note
-------+----------+-------------------------------------------
     0 | D:1      | jasper the Spriggan Earth Elementalist began the quest for
                  | the Orb.
     0 | D:1      | Reached XP level 1. HP: 9/9 MP: 5/5
   585 | D:1      | Reached skill level 3 in Earth Magic
  1224 | D:2      | Reached XP level 2. HP: 13/13 MP: 1/6
  1274 | D:2      | Learned a level 2 spell: Passwall
  1605 | D:2      | Reached XP level 3. HP: 16/16 MP: 8/8
  2063 | D:3      | Reached skill level 4 in Earth Magic
  2070 | D:2      | Learned a level 3 spell: Stone Arrow
  2278 | D:3      | Reached XP level 4. HP: 21/21 MP: 9/9
  2589 | D:3      | Found a runed translucent door.
  2590 | D:3      | Noticed Crazy Yiuf
  2595 | D:3      | Killed Crazy Yiuf
  2596 | D:3      | Reached skill level 5 in Earth Magic
  3000 | D:3      | Reached XP level 5. HP: 22/24 MP: 10/10
  3643 | D:4      | Killed from afar by an orc priest

Illustrated notes

Levels and vault maps discovered:
D:1:      matt_arrival_refuge, layout_loops_cross
D:2:      layout_basic, serial_glass, glass_columns_a, glass_columns_a
D:3:      layout_rooms, uniq_crazy_yiuf_cottage
D:4:      layout_loops_ring, hangedman_abyss_or_decor_stabs

Skill      XL: |  1  2  3  4 |
---------------+-------------+-----
Earth Magic    | 3 4 5 |  5.9
Dodging        | |  2.6
Stealth        | |  3.0
Spellcasting   | |  2.6
Transmutations | |  1.3

Action                   |  1- 3 |  4- 6 || total
-------------------------+-------+-------++-------
Melee: Hand axe          |       |    27 ||    27
 Cast: Sandblast         |    42 |    28 ||    70
  Use: Scroll            |     5 |     5 ||    10
Armor: Robe              |     1 |     7 ||     8
Dodge: Dodged            |     5 |    33 ||    38

Table legend: (Time is in decaauts)
 A = Elapsed time spent in this place.
 B = Non-inter-level travel time spent in this place.
 C = Inter-level travel time spent in this place.
 D = Time resting spent in this place.
 E = Time spent auto-exploring this place.
 F = Levels seen in this place.
 G = Mean time per level.
                   A        B        C        D        E       F      G
               +--------+--------+--------+--------+--------+-----+--------+
         Total |   2775 |   2672 |    103 |    621 |   1731 |   4 |  693.8 |
       Dungeon |   2775 |   2672 |    103 |    621 |   1731 |   4 |  693.8 |
               +--------+--------+--------+--------+--------+-----+--------+

Top non-repeatable levels by time:
     D:3: 977 daAuts
     D:2: 739 daAuts
     D:1: 712 daAuts
     D:4: 345 daAuts
